 Dungeon Crawl Stone Soup version 0.31-a0-233-g139696dc86 (webtiles) character file.

Game seed: 8759812645380042135

4 Iniera the Stinger (level 1, -1/13 HPs)
             Began as a Demonspawn Venom Mage on July 8, 2023.
             Slain by a kobold
             ... wielding a +0 short sword
              (4 damage)
             ... on level 1 of the Dungeon.
             The game lasted 00:00:17 (133 turns).

Iniera the Stinger (Demonspawn Venom Mage)           Turns: 133, Time: 00:00:17

Health: -1/13      AC:  2    Str:  8    XL:     1   Next: 50%
Magic:  3/3        EV: 12    Int: 16    God:
Gold:   37         SH:  0    Dex: 13    Spells: 3/4 levels left

rFire   . . .        d - +1 dagger (venom)
rCold   . . .        (no shield)
rNeg    . . .        a - +0 robe
rPois   .            (no helmet)
rElec   .            (no cloak)
rCorr   .            (no gloves)
SInv    .            (no boots)
Will    .....        (no amulet)
Stlth   ++           (no ring)
HPRegen 0.22/turn    (no ring)
MPRegen 0.08/turn

%: no passive effects
@: no status effects
A: no striking features
a: no special abilities


You were on level 1 of the Dungeon.
You visited 1 branch of the dungeon, and saw 1 of its levels.

You collected 37 gold pieces.

Inventory:

Hand Weapons
 d - a +1 dagger of venom (weapon)
Armour
 a - a +0 robe (worn)
Scrolls
 c - 3 scrolls of vulnerability {unknown}
 e - a scroll of enchant weapon {unknown}
 g - a scroll of identify {unknown}
 h - a scroll of amnesia {unknown}
Potions
 b - a potion of magic
 f - a potion of enlightenment {unknown}
 i - a potion of lignification {unknown}


   Skills:
 - Level 1.7 Dodging
 - Level 1.7 Stealth
 + Level 2.0 Spellcasting
 + Level 1.0 Transmutations
 * Level 3.1 Poison Magic


You had 3 spell levels left.
You knew the following spells:

 Your Spells              Type           Power      Damage    Failure   Level
a - Sting                 Tmut/Pois      32%        1d4       9%          1

Your spell library contained the following spells:

 Spells                   Type           Power      Damage    Failure   Level
 Poisonous Vapours        Pois/Air       12%        N/A       16%         2
 Lesser Beckoning         Tloc           2%         N/A       30%         2
 Mephitic Cloud           Conj/Pois/Air  5%         N/A       38%         3
 Gell's Gravitas          Tloc           1%         N/A       52%         3
 Teleport Other           Tloc           1%         N/A       52%         3
 Olgreb's Toxic Radiance  Pois           11%        N/A       50%         4


Dungeon Overview and Level Annotations

Branches:
Dungeon (1/15)

Altars:


Message History

Your Transmutations skill increases to level 1!
You hit the endoplasm.
The endoplasm is almost dead.
The kobold hits you with a +0 short sword.
The endoplasm freezes you.
You are frozen.
A quokka comes into view.
You hit the endoplasm.
You kill the endoplasm!
The kobold misses you.
A quokka comes into view.
A quokka comes into view.
The kobold throws a stone.
The stone hits you but does no damage.
The kobold throws a stone.
The stone hits you but does no damage.
The kobold throws a stone.
The stone closely misses you. The kobold misses you.
The kobold attacks as you move away!
The kobold hits you with a +0 short sword.
* * * LOW HITPOINT WARNING * * *
The kobold throws a stone.
The stone misses you.
The kobold throws a stone.
The stone hits you but does no damage.
The kobold throws a stone.
The stone misses you.
The kobold hits you with a +0 short sword.
* * * LOW HITPOINT WARNING * * *
You barely miss the kobold. The kobold completely misses you.
You barely miss the kobold.
The kobold hits you with a +0 short sword.
* * * LOW HITPOINT WARNING * * *
You barely miss the kobold. The kobold closely misses you.
You closely miss the kobold. The kobold misses you.
You hit the kobold but do no damage.
The kobold is poisoned.
The kobold hits you with a +0 short sword.
* * * LOW HITPOINT WARNING * * *
You closely miss the kobold.
The kobold is moderately wounded.
The kobold misses you.
You hit the kobold but do no damage.
The kobold looks as sick as possible!
The kobold is moderately wounded.
The kobold hits you with a +0 short sword.
You die...

...... ..:.. #.#r.
# #.#.# # #.#.#)#
#.#.#.# #(.rr.# #
###K### # #@# ####
#.##### #######..#
#.....# #.....#.#.
#####.###...#.##..
#.........#...
###.#####.###...
#...........#...
#.#.#####.#.#...
#..........#.#...


You could see 2 quokkas and a kobold (extremely poisoned).

Vanquished Creatures
  An endoplasm (D:1)
  A goblin (D:1)
  2 rats (D:1)
4 creatures vanquished.

Notes
Turn   | Place    | Note
-------+----------+-------------------------------------------
     0 | D:1      | Iniera the Demonspawn Venom Mage began the quest for the
                  | Orb.
     0 | D:1      | Reached XP level 1. HP: 13/13 MP: 3/3
   110 | D:1      | Found a faded altar of an unknown god.
   114 | D:1      | Reached skill level 1 in Transmutations
   133 | D:1      | Slain by a kobold

Illustrated notes

Levels and vault maps discovered:
D:1:      matt_arrival_grand_opening, layout_basic,
          shapermc_ecumenical_altar_rom_forum, bh_walls_and_bars

Skill      XL: |  1 |
---------------+----+-----
Transmutations | 1 |  1.0
Dodging        | |  1.7
Stealth        | |  1.7
Spellcasting   | |  2.0
Poison Magic   | |  3.1

Action                     || total
---------------------------++-------
  Melee: Dagger            ||    13
   Cast: Sting             ||     1
 Armour: Robe              ||     3
  Dodge: Dodged            ||     9

Table legend: (Time is in decaauts)
 A = Elapsed time spent in this place.
 B = Non-inter-level travel time spent in this place.
 C = Inter-level travel time spent in this place.
 D = Time resting spent in this place.
 E = Time spent auto-exploring this place.
 F = Levels seen in this place.
 G = Mean time per level.
                   A        B        C        D        E       F      G
               +--------+--------+--------+--------+--------+-----+--------+
         Total |    132 |    132 |      0 |      0 |     87 |   1 |  132.0 |
       Dungeon |    132 |    132 |      0 |      0 |     87 |   1 |  132.0 |
               +--------+--------+--------+--------+--------+-----+--------+

Top non-repeatable levels by time:
     D:1: 132 daAuts
